 Dungeon Crawl Stone Soup version 0.27.0 (webtiles) character file.

Game seed: 9204378589767099909

55 inmateoo the Covered (level 3, -13/24 HPs)
             Began as a Gargoyle Fighter on July 30, 2021.
             Blown up by Ijyb (14 damage)
             ... with a mindburst bolt
             ... on level 3 of the Dungeon.
             The game lasted 00:02:35 (2586 turns).

inmateoo the Covered (Gargoyle Fighter)             Turns: 2586, Time: 00:02:36

Health: -13/24     AC: 12    Str: 19    XL:     3   Next: 93%
Magic:  3/3        EV:  7    Int:  8    God:
Gold:   122        SH:  9    Dex: 10    Spells: 2/2 levels left

rFire    . . .     SeeInvis .   a - +0 flail
rCold    . . .     Faith    .   c - +0 kite shield
rNeg     + . .     Spirit   .   b - +0 scale mail
rPois    ∞         Reflect  .   l - +0 helmet
rElec    +         Harm     .   (no cloak)
rCorr    .         Rampage  .   e - +0 pair of gloves
Will     .....                  (no boots)
Stlth    ..........             (no amulet)
HPRegen  0.08/turn              (no ring)
MPRegen  0.08/turn              (no ring)

@: no status effects
A: sickness immunity, AC +3, negative energy resistance 1, electricity
resistance, torment resistance 1, petrification resistance
a: no special abilities


You were on level 3 of the Dungeon.
You visited 1 branch of the dungeon, and saw 3 of its levels.

You collected 122 gold pieces.

Inventory:

Hand Weapons
 a - a +0 flail (weapon)
Armour
 b - a +0 scale mail (worn)
 c - a +0 kite shield (worn)
 e - a +0 pair of gloves (worn)
 l - a +0 helmet (worn)
Scrolls
 h - a scroll of magic mapping {unknown}
 i - a scroll of vulnerability {unknown}
 k - a scroll of enchant armour {unknown}
Potions
 d - a potion of might
 f - a potion of magic {unknown}
 g - 5 potions of curing {unknown}
 j - a potion of haste {unknown}


   Skills:
 + Level 3.7 Fighting
 + Level 2.5 Maces & Flails
 + Level 3.7 Armour
 + Level 1.0 Dodging
 + Level 3.7 Shields


You had 2 spell levels left.
You didn't know any spells.
Your spell library contained the following spells:

 Spells                   Type           Power      Damage    Failure   Level
 Ensorcelled Hibernation  Hex/Ice        0%         N/A       100%        2
 Spider Form              Tmut/Pois      0%         N/A       100%        3
 Shadow Creatures         Summ           N/A        N/A       100%        6


Dungeon Overview and Level Annotations

Branches:
Dungeon (3/15)

Altars:

Shops:
D:3 :

Annotations:
D:3 Grinder, Ijyb


Innate Abilities, Weirdness & Mutations

You are immune to sickness and miasma.
Your stone body is resilient. (AC +3)
You are immune to poison.
You resist negative energy. (rN+)
You are resistant to electric shocks. (rElec)
You are resistant to unholy torment.
You are immune to petrification.


Message History

You can move again.
You climb upwards.
There is a stone staircase leading down here.
Press: ? - help, v - describe, . - travel A stone staircase leading down.
There is a stone staircase leading down here.
You start resting.
HP restored.
You climb downwards.
Level annotation: Grinder
Found 18 gold pieces.
There is a stone staircase leading up here.
You now have 122 gold pieces (gained 18).
Found 21 stones.
A kobold comes into view. It is wielding a +0 dagger.
The kobold shouts!
Found a trident.
A worm comes into view.
Ijyb the Twisted Goblin comes into view.
She is wielding a +0 dagger and carrying a wand of mindburst (5).
Ijyb shouts!
The kobold barely misses you.
Found 19 gold pieces.
You hit the kobold.
You kill the kobold!
Ijyb zaps a wand.
You barely resist.
Ijyb zaps a wand.
Your mind is blasted!
Ijyb zaps a wand.
Your mind is blasted!
There is a stone staircase leading up here.
You climb upwards.
There is a stone staircase leading down here.
You start resting.
HP restored.
You climb downwards.
Level annotation: Grinder, Ijyb Ijyb zaps a wand.
Your mind is blasted!
Ouch! That really hurt!
* * * LOW HITPOINT WARNING * * *
Ijyb zaps a wand.
Your mind is blasted!
Ouch! That really hurt!
You die...

..........#### #.
..........# #.
..........# ##
######..### # ##.#
#.# ##### ###### #..
....### #....# ##
##.(...##
#..@.#######.......#
#.......g.w.........
#....######.........
##.### #.......).
#.# #......... #.#
#....).... #.#
#......... ###
#.........
####......


You could see Ijyb and a worm.

Vanquished Creatures
  An adder (D:2)
  2 worms (D:2)
  2 ball pythons
  2 endoplasms (D:1)
  A giant cockroach (D:1)
  3 goblins
  4 hobgoblins (D:1)
  2 jackals (D:1)
  7 quokkas
  4 bats
  4 kobolds
  4 rats
36 creatures vanquished.

Vanquished Creatures (others)
  9 toadstools (D:3)
9 creatures vanquished.

Grand Total: 45 creatures vanquished

Notes
Turn   | Place    | Note
-------+----------+-------------------------------------------
     0 | D:1      | inmateoo the Gargoyle Fighter began the quest for the Orb.
     0 | D:1      | Reached XP level 1. HP: 14/14 MP: 1/1
    67 | D:1      | Reached XP level 2. HP: 16/19 MP: 2/2
  1013 | D:1      | Reached XP level 3. HP: 23/23 MP: 3/3
  1106 | D:1      | Found a faded altar of an unknown god.
  1529 | D:2      | Reached skill level 1 in Dodging
  2041 | D:3      | Found Ovewuon's Book Boutique.
  2114 | D:3      | Noticed a necrophage
  2115 | D:3      | Noticed Grinder
  2123 | D:3      | Paralysed by Grinder for 7 turns
  2377 | D:3      | Noticed Ijyb
  2586 | D:3      | HP: 1/24 [disintegration (23)]
  2586 | D:3      | Blown up by Ijyb

Illustrated notes

Levels and vault maps discovered:
D:1:      lemuel_arrival_river_ford, layout_loops_ring,
          dilly_ecumenical_altar_fadedgnrine, minmay_vboxes
D:2:      layout_basic, serial_glass, glass_columns_a, glass_columns_b,
          glass_columns_a, glass_columns_a, minivault_26
D:3:      cheibrodos_fertilizer, layout_rooms, serial_shops, shop, uniq_ijyb,
          uniq_grinder

Skill      XL: |  1  2  3 |
---------------+----------+-----
Dodging        | 1 |  1.0
Fighting       | |  3.7
Maces & Flails | |  2.5
Armour         | |  3.7
Shields        | |  3.7

Action                   || total
-------------------------++-------
Melee: Flail             ||   155
Armor: Scale mail        ||    87
Dodge: Dodged            ||    48
Block: Kite shield       ||    80
